 Dungeon Crawl Stone Soup version 0.29.0 (webtiles) character file.

Game seed: 12896255409007786254

8834 Dorkslayer the Basher (level 11, -1/97 HPs)
             Began as a Meteoran Fighter on Sept 10, 2022.
             Slain by a cane toad (18 damage)
             ... on level 1 of the Lair of Beasts.
             The game lasted 00:23:52 (4202 turns).

Dorkslayer the Basher (Meteoran Fighter)            Turns: 4202, Time: 00:23:52

Health: -1/97      AC: 13    Str: 23    XL:     11   Next: 94%
Magic:  4/4        EV: 18    Int: 10    God:
Gold:   352        SH:  9    Dex: 21    Spells: 10/10 levels left

rFire   + . .      SeeInvis .   e - +11 mace of Sloth {antimagic, rC+}
rCold   + . .      Faith    .   c - +2 buckler
rNeg    . . .      Spirit   .   n - +4 scale mail {rF+}
rPois   .          Reflect  .   (no helmet)
rElec   .          Harm     .   (no cloak)
rCorr   .          Rampage  .   (no gloves)
Will    +....                   l - +0 pair of boots
Stlth   +.........              t - amulet of magic regeneration
HPRegen 0.26/turn               i - +4 ring of evasion
MPRegen 0.49/turn               x - +6 ring of dexterity

@: lethally poisoned (-1 -> -6), glowing
A: sense surroundings 2, otherworldly, glowing, explore regen, strong 1, subdued
magic 1
a: no special abilities


You were on level 1 of the Lair of Beasts.
You visited 2 branches of the dungeon, and saw 9 of its levels.
You also visited: Bailey.

You collected 592 gold pieces.
You spent 240 gold pieces at shops.

Inventory:

Hand Weapons
 a - a +1 vampiric long sword
 e - the +11 mace of Sloth (weapon) {antimagic, rC+}
   (You found it on level 5 of the Dungeon)

   It reduces the magical energy of the wielder, and disrupts the spells and
   magical abilities of those it strikes.
   Natural abilities and divine invocations are not affected.
   rC:        It protects you from cold.
Armour
 c - a +2 buckler (worn)
 l - a +0 pair of boots (worn)
 n - a +4 scale mail of fire resistance (worn)
Jewellery
 i - a +4 ring of evasion (left hand)
 t - an amulet of magic regeneration (around neck)
 u - a ring of resist corrosion
 x - a +6 ring of dexterity (right hand)
Wands
 r - a wand of flame (17)
Scrolls
 b - 5 scrolls of enchant weapon
 d - 3 scrolls of summoning
 f - a scroll of amnesia
 g - 5 scrolls of enchant armour
 h - 3 scrolls of fear
 k - 2 scrolls of immolation
 o - 3 scrolls of teleportation
 s - 3 scrolls of identify
 v - a scroll of poison
Potions
 j - 2 potions of heal wounds
 m - 4 potions of mutation
 p - 2 potions of brilliance
 q - 5 potions of curing
 w - 3 potions of invisibility {unknown}
 z - a potion of might
 A - a potion of magic {unknown}


   Skills:
 * Level 9.4 Fighting
 - Level 5.6 Long Blades
 * Level 12.3 Maces & Flails
 + Level 8.2 Armour
 + Level 6.9 Dodging
 + Level 0.5 Stealth
 + Level 8.6 Shields
 * Level 8.6 Evocations


You had 10 spell levels left.
You didn't know any spells.
Your spell library contained the following spells:

 Spells                   Type           Power      Damage    Failure   Level
 Apportation              Tloc           0%         N/A       67%         1
 Necrotise                Necr           0%         1d4       67%         1
 Summon Small Mammal      Summ           0%         N/A       67%         1
 Ensorcelled Hibernation  Hex/Ice        0%         N/A       82%         2
 Passwall                 Tmut/Erth      0%         N/A       82%         2
 Confusing Touch          Hex            0%         N/A       96%         3
 Ozocubu's Armour         Ice            0%         N/A       96%         3
 Spider Form              Tmut/Pois      0%         N/A       96%         3
 Swiftness                Air            0%         N/A       96%         3
 Anguish                  Hex/Necr       0%         N/A       100%        4
 Petrify                  Tmut/Erth      0%         N/A       100%        4
 Metabolic Englaciation   Hex/Ice        0%         N/A       100%        5
 Yara's Violent Unravell  Hex/Tmut       0%         3d3       100%        5
 Statue Form              Tmut/Erth      0%         N/A       100%        6
 Enfeeble                 Hex            0%         N/A       100%        7
 Ozocubu's Refrigeration  Ice            0%         4d7       100%        7


Dungeon Overview and Level Annotations

Branches:
Dungeon (8/15) Zot: 947      Lair (1/5) D:8 Zot: 364  Bailey (visited)
 Temple: D:4-7

Altars:
Ashenzari
Kikubaaqudgha
Nemelex Xobeh
Okawaru
Qazlal
Trog
Uskayaw
Wu Jian
Zin
The Shining One

Shops:
D:4 ?


Innate Abilities, Weirdness & Mutations

You passively map the area around you.
You are easily found by Zot.
You glow in the dark.
You regain HP and MP as you explore.
Your muscles are strong. (Str +4, Int/Dex -1)
Your spells are a little easier to cast, but a little less powerful.


Message History

The black mamba attacks as you move away!
The black mamba bites you!
The blink frog blinks!
The black mamba completely misses you.
The blink frog blinks!
The black mamba misses you. The cane toad attacks as you move away!
The cane toad stings you but does no damage.
The black mamba attacks as you move away!
The black mamba bites you.
The blink frog blinks!
The black mamba attacks as you move away!
You block the black mamba's attack. The black mamba completely misses you.
The black mamba attacks as you move away!
You block the black mamba's attack. The black mamba bites you.
You hit the black mamba but do no damage.
The black mamba is moderately wounded.
The black mamba misses you.
You thump the black mamba!
The black mamba is heavily wounded.
The black mamba bites you!
You are poisoned.
The black mamba poisons you!
The black mamba bites you but does no damage.
You sock the black mamba!
The black mamba is almost dead.
You feel very sick.
The blink frog blinks!
The black mamba closely misses you.
You thump the black mamba!
You kill the black mamba!
You feel sick.
You sock the cane toad!
The cane toad is moderately wounded.
You feel sick. The cane toad stings you!
You sock the cane toad!
The cane toad is heavily wounded.
You feel sick. The cane toad stings you!
* * * LOW HITPOINT WARNING * * *
The blink frog blinks!
You hit the cane toad but do no damage.
The cane toad is heavily wounded.
You feel sick. The cane toad stings you!!
You die...

.######................####'.###.
..####.......#######...# #.##*#<
......'....(## #...#*.... #.
.....##....####### #....P..... #.
.....##....# #...###...+......##>
.....##....###.........#P.....##.
......#............#...+......##.
.....##....##....# #....#.....##.
#######.....# ##@# #...#* #.
######.....## ##F###...# *
...........P###FFF##...##+## *
......(.......F..§..........,
.....................F...... ,,
..........###########...§... ,
..........# * * * .......
#'####....# ,, **....#.# *
#.####....# , ...#?.. ,


You could see 2 cane toads and 3 blink frogs.

Vanquished Creatures
  2 orc knights (Bailey)
  A cyclops (D:8)
  A black mamba (Lair:1)
  Joseph (D:8)
  A cane toad (Lair:1)
  A polar bear (Lair:1)
  Sigmund (D:2)
  3 wyverns (D:8)
  4 yaks (D:8)
  A basilisk (D:8)
  A steam dragon (D:8)
  An acid dragon (D:8)
  4 water moccasins
  8 orc warriors (Bailey)
  An ice beast (D:8)
  A black bear (D:5)
  2 centaurs
  An ogre (D:6)
  A phantom (D:4)
  A kobold brigand (D:8)
  A bullfrog (D:7)
  2 scorpions
  2 necrophages
  4 wights (D:6)
  4 killer bees (D:8)
  A howler monkey (D:6)
  3 hounds
  A gnoll bouda (D:7)
  2 jellies (D:5)
  Natasha (twice) (D:2)
  4 iguanas
  Terence (D:2)
  An orc wizard (D:4)
  9 adders
  3 gnolls (D:7)
  A shadow imp (D:5)
  3 dart slugs
  40 orcs
  2 bats
  8 endoplasms
  10 giant cockroaches
  3 goblins
  4 hobgoblins
  4 jackals (D:1)
  4 quokkas
  10 ball pythons
  5 frilled lizards
  20 kobolds
  5 rats
196 creatures vanquished.

Vanquished Creatures (others)
  3 fungi (D:8)
  23 plants
26 creatures vanquished.

Grand Total: 222 creatures vanquished

Notes
Turn   | Place    | Note
-------+----------+-------------------------------------------
     0 | D:1      | Dorkslayer the Meteoran Fighter began the quest for the
                  | Orb.
     0 | D:1      | Reached XP level 1. HP: 19/19 MP: 2/2
    87 | D:1      | Reached XP level 2. HP: 24/26 MP: 3/3
   182 | D:1      | Reached skill level 1 in Dodging
   182 | D:1      | Reached XP level 3. HP: 6/33 MP: 1/4
   468 | D:1      | Glimpsed the power of Zot.
   518 | D:1      | Glimpsed the power of Zot.
   710 | D:2      | Reached XP level 4. HP: 40/40 MP: 5/5
   722 | D:2      | Identified the +0 leather armour of the Red Skies {rC+
                  | Dex+2}
   737 | D:2      | Noticed Terence
   749 | D:2      | Killed Terence
   797 | D:2      | Noticed Sigmund
   802 | D:2      | Killed Sigmund
   803 | D:2      | Reached XP level 5. HP: 47/47 MP: 6/6
   803 | D:2      | Reached XP level 6. HP: 53/53 MP: 7/7
   867 | D:2      | Noticed Natasha
   873 | D:2      | Killed Natasha
   940 | D:2      | Noticed Natasha
   962 | D:2      | Killed Natasha
   963 | D:2      | Reached XP level 7. HP: 21/60 MP: 4/8
  1047 | D:2      | Glimpsed the power of Zot.
  1268 | D:3      | Found a faded altar of an unknown god.
  1504 | D:3      | Found a glowing golden altar of the Shining One.
  1512 | D:3      | Found a hide-covered altar of Uskayaw.
  1637 | D:3      | Glimpsed the power of Zot.
  1767 | D:4      | Found a glowing silver altar of Zin.
  1767 | D:4      | Found a bloodstained altar of Trog.
  1767 | D:4      | Found an iron altar of Okawaru.
  1769 | D:4      | Found an ornate altar of the Wu Jian Council.
  1770 | D:4      | Found a sparkling altar of Nemelex Xobeh.
  1771 | D:4      | Found a stormy altar of Qazlal.
  1985 | D:4      | Reached skill level 5 in Long Blades
  2017 | D:4      | Found Roheivok's Magic Scroll Shoppe.
  2020 | D:4      | Bought a scroll of enchant armour for 75 gold pieces
  2020 | D:4      | Bought a scroll of teleportation for 30 gold pieces
  2020 | D:4      | Bought a scroll of identify for 20 gold pieces
  2020 | D:4      | Bought a scroll of identify for 20 gold pieces
  2020 | D:4      | Bought a scroll of brand weapon for 95 gold pieces
  2089 | D:4      | Reached skill level 5 in Fighting
  2217 | D:4      | Glimpsed the power of Zot.
  2230 | D:5      | Entered Level 5 of the Dungeon
  2235 | D:5      | Gained mutation: Your spells are a little easier to cast,
                  | but a little less powerful. [potion of mutation]
  2235 | D:5      | Gained mutation: Your muscles are strong. (Str +4, Int/Dex
                  | -1) [potion of mutation]
  2278 | D:5      | Reached skill level 1 in Evocations
  2278 | D:5      | Reached XP level 8. HP: 67/68 MP: 7/9
  2286 | D:5      | Reached skill level 5 in Armour
  2286 | D:5      | Identified the +11 mace of Sloth {antimagic, rC+}
  2364 | D:5      | Reached skill level 1 in Maces & Flails
  2372 | D:5      | Reached skill level 5 in Shields
  2478 | D:5      | Reached skill level 2 in Maces & Flails
  2703 | D:6      | Reached skill level 3 in Maces & Flails
  2710 | D:6      | Gained mutation: You passively map the area around you.
                  | [Meteoran growth]
  2710 | D:6      | Reached XP level 9. HP: 59/75 MP: 3/10
  2711 | D:6      | Reached skill level 4 in Maces & Flails
  2875 | D:6      | Found an ancient bone altar of Kikubaaqudgha.
  2973 | D:6      | Reached skill level 5 in Maces & Flails
  3230 | D:7      | Reached skill level 6 in Maces & Flails
  3337 | D:8      | Found a flagged portal.
  3346 | Bailey   | Entered a bailey
  3431 | Bailey   | Reached skill level 7 in Maces & Flails
  3465 | Bailey   | Reached skill level 10 in Maces & Flails
  3465 | Bailey   | Reached XP level 10. HP: 54/90 MP: 3/11
  3468 | Bailey   | Noticed an orc knight
  3468 | Bailey   | Noticed an orc knight
  3476 | Bailey   | Killed an orc knight
  3476 | Bailey   | Killed an orc knight
  3477 | Bailey   | Reached XP level 11. HP: 63/97 MP: 4/12
  3601 | D:8      | Found a broken altar of Ashenzari.
  3726 | D:8      | Reached skill level 11 in Maces & Flails
  3731 | D:8      | Noticed a manticore
  3731 | D:8      | Noticed a deep elf pyromancer
  3733 | D:8      | Noticed a skeletal warrior
  3735 | D:8      | Noticed a centaur warrior
  3738 | D:8      | Noticed a cyclops
  3824 | D:8      | Found a staircase to the Lair.
  3824 | D:8      | Noticed a cyclops
  3873 | D:8      | Killed a cyclops
  3922 | D:8      | Noticed Joseph
  3938 | D:8      | Killed Joseph
  3957 | D:8      | Reached skill level 12 in Maces & Flails
  3963 | Lair:1   | Entered Level 1 of the Lair of Beasts
  4185 | Lair:1   | Noticed a black mamba
  4199 | Lair:1   | Killed a black mamba
  4202 | Lair:1   | Slain by a cane toad

Illustrated notes

Levels and vault maps discovered:
D:1:      co_arrival_two_rings, layout_rooms, minmay_small_reverse_x
D:2:      layout_basic, uniq_natasha, uniq_crazy_yiuf_cottage, uniq_terence,
          uniq_sigmund
D:3:      layout_loops_ring, amethyst_overflow_temple_binary,
          hellmonk_ecumenical_altar_lost_god, minmay_bisected
D:4:      layout_basic, minitemple, minmay_temple_entry_nine_rooms,
          serial_shops, nicolae_shop_stone
D:5:      layout_basic
D:6:      cheibrodos_thug_alley, layout_cave_pools,
          mainiacjoe_overflow_cross_hatched
D:7:      layout_cave_pools
D:8:      layout_loops_corners, evilmike_ruin_ashenzari, lightli_temple_of_fire,
          minmay_lair_entry_grove, enter_bailey_6,
          onia_ninara_dug_in_and_dangerous, uniq_maurice, uniq_joseph
Lair:1:   layout_regular_city

Skill      XL: |  1  2  3  4  5  6  7  8  9 10 11 |
---------------+----------------------------------+-----
Dodging        | 1 2 3 4 6 |  6.9
Long Blades    | 3 4 5 |  5.6
Armour         | 4 5 7 8 |  8.2
Fighting       | 4 5 6 8 9 |  9.4
Shields        | 4 5 7 8 |  8.6
Evocations     | 1 3 7 8 |  8.6
Maces & Flails | 3 10 12 | 12.3
Stealth        | |  0.5

Action                   |  1- 3 |  4- 6 |  7- 9 | 10-12 || total
-------------------------+-------+-------+-------+-------++-------
Melee: Long sword        |   132 |    52 |   170 |       ||   354
       Mace              |       |       |   161 |   152 ||   313
Evoke: Wand              |       |     1 |     2 |     5 ||     8
  Use: Potion            |       |     2 |     3 |     2 ||     7
       Scroll            |       |       |    17 |     2 ||    19
 Stab: Invisible         |       |     1 |     1 |       ||     2
Armor: Scale mail        |   111 |    35 |   207 |    40 ||   393
Dodge: Dodged            |    69 |    24 |   231 |    96 ||   420
Block: Buckler           |    48 |    21 |   150 |    68 ||   287
